 Dungeon Crawl Stone Soup version 0.22-a0-348-gd16d139 (webtiles) character file.

3653 xccam the Fighter (level 10, 0/127 HPs)
             Began as a Gnoll Wanderer on Apr 7, 2018.
             Was an Initiate of Cheibriados.
             Slain by a death yak (22 damage)
             ... on level 8 of the Dungeon.
             The game lasted 00:15:41 (9017 turns).

xccam the Fighter (Gnoll Wanderer)                  Turns: 9017, Time: 00:15:42

Health: 0/127      AC: 12    Str: 23      XL:     10   Next: 12%
Magic:  17/17      EV: 18    Int: 17      God:    Cheibriados [......]
Gold:   438        SH:  0    Dex: 14 (15) Spells: 18/18 levels left

rFire    . . .     SeeInvis .   D - +3 flail (holy)
rCold    . . .     Gourm    .   (no shield)
rNeg     . . .     Faith    .   m - +1 scale mail
rPois    +         Spirit   .   u - +2 helmet
rElec    .         Reflect  .   l - +0 cloak
rCorr    .         Harm     .   (no gloves)
MR       .....                  (no boots)
Stlth    ..........             (no amulet)
HPRegen  0.31/turn              a - +5 ring of evasion
MPRegen  0.15/turn              t - ring of poison resistance

@: confused, berserking, very slightly contaminated, very slow
A: distributed training, fangs 1, strong nose
a: Bend Time, Renounce Religion


You were on level 8 of the Dungeon.
You worshipped Cheibriados.
Cheibriados was noncommittal.
You were not hungry.

You visited 2 branches of the dungeon, and saw 9 of its levels.
You also visited: Ossuary.

You collected 438 gold pieces.

Inventory:

Hand Weapons
 D - a +3 flail of holy wrath (weapon)
Missiles
 b - 4 throwing nets (quivered)
Armour
 d - a +0 chain mail
 l - a +0 cloak (worn)
 m - a +1 scale mail (worn)
 p - a scarf of cloud immunity
 u - a +2 helmet (worn)
Jewellery
 a - a +5 ring of evasion (left hand)
 t - a ring of poison resistance (right hand)
 v - a cursed ring of loudness {unknown}
 B - a cursed -2 ring of evasion
Wands
 g - a wand of flame (20)
 q - a wand of clouds (2)
 H - a wand of paralysis (11)
 I - a wand of iceblast (10)
 J - a wand of scattershot (4)
Scrolls
 c - a scroll of immolation
 i - a scroll of magic mapping
 k - 4 scrolls of remove curse
 r - a scroll of enchant weapon
 z - 5 scrolls of identify
 A - 2 scrolls of enchant armour
 G - a scroll of fog
Potions
 e - 3 potions of curing
 j - a potion of mutation
 o - 2 potions of agility
 w - 2 potions of ambrosia
 x - 2 potions of lignification
 E - a potion of haste
Comestibles
 f - 19 rations


   Skills:
 + Level 9.8 Fighting
 + Level 4.9 Short Blades
 + Level 4.9 Long Blades
 + Level 4.9 Axes
 + Level 4.9 Maces & Flails
 + Level 4.9 Polearms
 + Level 4.9 Staves
 + Level 4.9 Slings
 + Level 4.9 Bows
 + Level 4.9 Crossbows
 + Level 5.6 Throwing
 + Level 4.9 Armour
 + Level 5.6 Dodging
 + Level 4.9 Stealth
 + Level 4.9 Shields
 + Level 4.9 Unarmed Combat
 + Level 4.9 Spellcasting
 + Level 4.0 Conjurations
 + Level 4.0 Hexes
 + Level 4.0 Charms
 + Level 4.0 Summonings
 + Level 4.0 Necromancy
 + Level 4.6 Translocations
 + Level 4.0 Transmutations
 + Level 4.0 Fire Magic
 + Level 5.6 Ice Magic
 + Level 4.0 Air Magic
 + Level 4.0 Earth Magic
 + Level 4.0 Poison Magic
 + Level 5.3 Invocations
 + Level 5.6 Evocations


You had 18 spell levels left.
You didn't know any spells.

Dungeon Overview and Level Annotations

Branches:
Dungeon (8/15)             Temple (1/1) D:7            Lair (0/6) D:8

Altars:
Ashenzari
Cheibriados
Dithmenos
Elyvilon
Fedhas
Gozag
Hepliaklqana
Makhleb
Nemelex Xobeh
Okawaru
Ru
Sif Muna
Trog
Uskayaw
Vehumet
Wu Jian
Xom
Zin


Innate Abilities, Weirdness & Mutations

Your experience applies equally to all skills.
You have very sharp teeth.
Your uncanny sense of smell can sniff out nearby items.


Message History

Your body is wracked with pain!
* * * LOW HITPOINT WARNING * * *
The death yak convulses!
The yak convulses!
It was a scroll of torment.
The death yak barely misses you. The yak closely misses you.
It was a potion of ambrosia.
You are confused.
You feel invigorated. The death yak closely misses you. The yak misses you.
It was a potion of berserk rage.
A red film seems to cover your vision as you go berserk!
Cheibriados protects you from inadvertent hurry.
You feel mighty! The death yak misses you.
You sock the death yak! You bite the death yak.
The death yak is almost dead.
The death yak gores you.
* * * LOW HITPOINT WARNING * * *
The yak gores you.
* * * LOW HITPOINT WARNING * * *
The yak gores you but does no damage.
You bump into the rock wall.
The death yak gores you!!
You die...

### #########.##
#################
#........#.#####§§.............#
#.#######.#..§Y@Y§.....#######.#
#.# #.#.####Y#####.## #.# #.#
#.#.# #Y# ##...######.# #.# #Y#.#
#§###............ #.# #.#.#
#..##.....#####.. #.# #.#.#
#..........# ###
#.#######.#.####Y.##......######
##.....#.......##Y.##............
...###.#.###.#.##..####.#########


You could see a death yak and 3 yaks.

Vanquished Creatures
  The ghost of Arum the Skirmisher, a novice OpFi of Ashenzari (D:5)
  The ghost of Arum the Shield-Bearer, an amateur OpFi of Ru (D:4)
  A hippogriff (D:7)
  2 wraiths (Ossuary)
  Sigmund (D:5)
  Eustachio (D:4)
  A hungry ghost (D:7)
  2 sky beasts (D:7)
  An ice beast (D:5)
  An ogre (D:4)
  2 centaurs
  A big kobold (D:8)
  A water moccasin zombie (D:6)
  6 killer bees
  5 wights (Ossuary)
  3 crimson imps
  2 jellies (D:5)
  Crazy Yiuf (D:3)
  5 hounds
  2 orc priests (D:5)
  An orc wizard (D:5)
  2 bullfrog skeletons (D:5)
  A centaur skeleton (D:4)
  2 gnoll shamans (D:5)
  Terence (D:3)
  5 iguanas
  Natasha (thrice) (D:4)
  A worker ant (D:3)
  A hound skeleton (D:5)
  Robin (D:4)
  A howler monkey zombie (D:5)
  10 adders
  13 gnolls (D:5)
  An ooze (D:2)
  An adder zombie (Ossuary)
  3 adder skeletons
  3 worms
  4 dart slugs
  3 leopard geckos
  9 orcs
  6 giant cockroaches
  12 goblins
  16 hobgoblins
  4 jackals (D:5)
  2 quokkas
  3 ball python skeletons (Ossuary)
  8 bats
  5 frilled lizards
  A hobgoblin zombie (Ossuary)
  A jackal skeleton (D:7)
  6 kobolds
  A kobold zombie (Ossuary)
  An orc zombie (Ossuary)
  A quokka skeleton (D:6)
  14 rats
187 creatures vanquished.

Notes
Turn   | Place    | Note
-------+----------+-------------------------------------------
     0 | D:1      | xccam the Gnoll Wanderer began the quest for the Orb.
     0 | D:1      | xccam set off with: a +0 leather armour, 3 throwing nets, a +0 short sword, a +0 spear, a ration
     0 | D:1      | Reached XP level 1. HP: 26/26 MP: 2/2
   161 | D:1      | Reached XP level 2. HP: 23/33 MP: 3/3
   643 | D:1      | Reached XP level 3. HP: 38/38 MP: 4/4
   963 | D:2      | Reached skill level 1 in Invocations
  1119 | D:2      | Reached skill level 1 in Short Blades
  1119 | D:2      | Reached skill level 1 in Long Blades
  1119 | D:2      | Reached skill level 1 in Axes
  1119 | D:2      | Reached skill level 1 in Maces & Flails
  1119 | D:2      | Reached skill level 1 in Polearms
  1119 | D:2      | Reached skill level 1 in Staves
  1119 | D:2      | Reached skill level 1 in Slings
  1119 | D:2      | Reached skill level 1 in Bows
  1119 | D:2      | Reached skill level 1 in Crossbows
  1119 | D:2      | Reached skill level 1 in Armour
  1119 | D:2      | Reached skill level 1 in Stealth
  1119 | D:2      | Reached skill level 1 in Shields
  1119 | D:2      | Reached skill level 1 in Unarmed Combat
  1119 | D:2      | Reached skill level 1 in Spellcasting
  1225 | D:2      | Reached XP level 4. HP: 40/45 MP: 6/6
  1388 | D:2      | Reached skill level 1 in Conjurations
  1388 | D:2      | Reached skill level 1 in Hexes
  1388 | D:2      | Reached skill level 1 in Charms
  1388 | D:2      | Reached skill level 1 in Summonings
  1388 | D:2      | Reached skill level 1 in Necromancy
  1388 | D:2      | Reached skill level 1 in Transmutations
  1388 | D:2      | Reached skill level 1 in Fire Magic
  1388 | D:2      | Reached skill level 1 in Air Magic
  1388 | D:2      | Reached skill level 1 in Earth Magic
  1388 | D:2      | Reached skill level 1 in Poison Magic
  2044 | D:3      | Reached XP level 5. HP: 51/51 MP: 7/7
  2062 | D:3      | Noticed Terence
  2078 | D:3      | Killed Terence
  3132 | D:3      | Found a runed door.
  3136 | D:3      | Noticed Crazy Yiuf
  3141 | D:3      | Killed Crazy Yiuf
  3207 | D:4      | Noticed Natasha
  3218 | D:4      | Killed Natasha
  3218 | D:4      | Reached XP level 6. HP: 33/57 MP: 8/8
  3351 | D:4      | Noticed Eustachio
  3379 | D:4      | Killed Eustachio
  3560 | D:4      | Noticed Arum's ghost (amateur OpFi)
  3577 | D:4      | Killed Arum's ghost
  3577 | D:4      | Reached XP level 7. HP: 18/63 MP: 10/10
  3840 | D:4      | Noticed Natasha
  3843 | D:4      | Killed Natasha
  3853 | D:4      | Noticed Robin
  3867 | D:4      | Killed Robin
  3973 | D:4      | Found a glowing silver altar of Zin.
  4025 | D:4      | Reached skill level 9 in Fighting
  4129 | D:4      | Reached XP level 8. HP: 67/71 MP: 12/12
  4143 | D:4      | Found a burning altar of Makhleb.
  4333 | D:4      | Noticed Natasha
  4365 | D:4      | Killed Natasha
  4890 | D:5      | Entered Level 5 of the Dungeon
  4987 | D:5      | Noticed Sigmund
  5007 | D:5      | Killed Sigmund
  5306 | D:5      | Noticed Arum's ghost (novice OpFi)
  5321 | D:5      | Killed Arum's ghost
  5321 | D:5      | Reached skill level 5 in Ice Magic
  5321 | D:5      | Reached XP level 9. HP: 46/76 MP: 14/14
  6247 | D:6      | Found a deep blue altar of Sif Muna.
  6466 | D:6      | Found a sand-covered staircase.
  6475 | Ossuary  | Entered an ossuary
  6642 | Ossuary  | Reached skill level 5 in Throwing
  6642 | Ossuary  | Reached skill level 5 in Dodging
  6642 | Ossuary  | Reached skill level 5 in Evocations
  7278 | D:6      | Found a radiant altar of Vehumet.
  7280 | D:6      | Found a white marble altar of Elyvilon.
  7321 | D:6      | Found an ornate altar of the Wu Jian Council.
  7561 | D:7      | Reached skill level 5 in Invocations
  7596 | D:7      | HP: 3/78 [something (6)]
  7603 | D:7      | Reached XP level 10. HP: 35/84 MP: 15/17
  8227 | D:7      | Found a staircase to the Ecumenical Temple.
  8237 | Temple   | Entered the Ecumenical Temple
  8244 | Temple   | Became a worshipper of Cheibriados the Contemplative
  8402 | D:8      | Found a hide-covered altar of Uskayaw.
  8456 | D:8      | Noticed a death yak
  8462 | D:8      | Noticed a death yak
  8463 | D:8      | Noticed a death yak
  8964 | D:8      | Found a staircase to the Lair.
  9017 | D:8      | Slain by a death yak

Vault maps used:
D:1:      sevenhm_arrival_forest_fort_small_1, minmay_statues_item
D:2:      hangedman_decor_slide_cut
D:3:      due_unseen_surprise, uniq_crazy_yiuf_cottage, uniq_terence
D:4:      lightli_temple_of_fire, zin_treasury, chequers_big_river,
          uniq_eustachio, uniq_robin, uniq_natasha
D:5:      serial_corexii_hall, corexii_hall_statues_i, corexii_hall_statues_s,
          corexii_hall_statues_l, corexii_hall_statues_x,
          corexii_hall_statues_l, corexii_hall_statues_l, first_ration,
          uniq_sigmund
D:6:      kennysheep_mini_moat, minitemple, basic_altar,
          lightli_ossuary_entry_decrepit_ruins
D:7:      minmay_temple_entry_grid
D:8:      grunt_temple_overflow_holy_war, old_standard_altar,
          nicolae_qazlal_general_emergency, dpeg_lair_monsters,
          blue_anna_alchemist
Temple:   nicolae_temple_no_exploring_needed
Ossuary:  ossuary_due_cavern

Skill      XL: |  1  2  3  4  5  6  7  8  9 10 |
---------------+-------------------------------+-----
Translocations | 2 3 4 |  4.6
Invocations    | 1 2 3 4 5 |  5.3
Short Blades   | 1 2 3 4 |  4.9
Long Blades    | 1 2 3 4 |  4.9
Axes           | 1 2 3 4 |  4.9
Maces & Flails | 1 2 3 4 |  4.9
Polearms       | 1 2 3 4 |  4.9
Staves         | 1 2 3 4 |  4.9
Slings         | 1 2 3 4 |  4.9
Bows           | 1 2 3 4 |  4.9
Crossbows      | 1 2 3 4 |  4.9
Armour         | 1 2 3 4 |  4.9
Stealth        | 1 2 3 4 |  4.9
Shields        | 1 2 3 4 |  4.9
Unarmed Combat | 1 2 3 4 |  4.9
Spellcasting   | 1 2 3 4 |  4.9
Conjurations   | 1 2 3 4 |  4.0
Hexes          | 1 2 3 4 |  4.0
Charms         | 1 2 3 4 |  4.0
Summonings     | 1 2 3 4 |  4.0
Necromancy     | 1 2 3 4 |  4.0
Transmutations | 1 2 3 4 |  4.0
Fire Magic     | 1 2 3 4 |  4.0
Air Magic      | 1 2 3 4 |  4.0
Earth Magic    | 1 2 3 4 |  4.0
Poison Magic   | 1 2 3 4 |  4.0
Throwing       | 3 4 5 |  5.6
Dodging        | 3 4 5 |  5.6
Evocations     | 3 4 5 |  5.6
Ice Magic      | 4 5 |  5.6
Fighting       | 9 |  9.8

Action                   |  1- 3 |  4- 6 |  7- 9 | 10-12 || total
-------------------------+-------+-------+-------+-------++-------
Melee: Short sword       |   154 |   120 |       |       ||   274
       Bite              |    18 |    25 |    40 |     8 ||    91
       Punch             |       |     2 |     5 |     2 ||     9
       Mace              |       |   104 |   163 |       ||   267
       Flail             |       |       |   261 |    60 ||   321
Throw: Throwing net      |       |       |     1 |       ||     1
Evoke: Wand              |       |       |       |     4 ||     4
  Use: Scroll            |       |     2 |     1 |    10 ||    13
       Potion            |       |       |     8 |     4 ||    12
 Stab: Sleeping          |     1 |     2 |       |     1 ||     4
       Distracted        |       |     1 |       |       ||     1
  Eat: Chunk             |     1 |     8 |     9 |     3 ||    21
       Ration            |       |       |     2 |     1 ||     3
Armor: Leather armour    |    60 |    33 |       |       ||    93
       Scale mail        |       |    57 |   267 |    18 ||   342
       Skin              |       |       |    12 |    24 ||    36
Dodge: Dodged            |   114 |   147 |   379 |    46 ||   686

Table legend:
 A = Spawn XP
 B = Non-spawn XP
 C = Spawn XP percentage of total XP
 D = Spawn monster count
 E = Non-spawn monster count
 F = Spawn count percentage of total count
 G = Total turns spent on level
                    A         B        C        D         E        F      G
               +---------+---------+-------+---------+---------+-------+---------
         Total |       0 |    5219 |   0.0 |       0 |     187 |   0.0 |  9017
               +---------+---------+-------+---------+---------+-------+---------
           D:1 |       0 |      52 |   0.0 |       0 |      28 |   0.0 |   918
           D:2 |       0 |     104 |   0.0 |       0 |      25 |   0.0 |  1031
           D:3 |       0 |     149 |   0.0 |       0 |      21 |   0.0 |  1253
           D:4 |       0 |     972 |   0.0 |       0 |      28 |   0.0 |  1688
           D:5 |       0 |    1629 |   0.0 |       0 |      43 |   0.0 |  1338
           D:6 |       0 |     177 |   0.0 |       0 |       6 |   0.0 |   643
           D:7 |       0 |    1093 |   0.0 |       0 |      15 |   0.0 |   882
           D:8 |       0 |     313 |   0.0 |       0 |       7 |   0.0 |   673
       Ossuary |       0 |     730 |   0.0 |       0 |      14 |   0.0 |   576
               +---------+---------+-------+---------+---------+-------+---------
